 Dungeon Crawl Stone Soup version 0.20.0-15-g7f486f2 (webtiles) character file.

458 manyhoops the Slasher (level 6, -12/51 HPs)
             Began as a Draconian Gladiator on June 13, 2017.
             Killed by divine providence
             ... invoked by an orc priest
              (13 damage)
             ... on level 3 of the Dungeon.
             The game lasted 00:05:35 (2401 turns).

manyhoops the Slasher (Draconian Gladiator)         Turns: 2401, Time: 00:05:36

Health: -12/51     AC: 11    Str: 17    XL:     6   Next: 77%
Magic:  6/6        EV: 13    Int:  8    God:
Gold:   233        SH:  0    Dex: 14    Spells: 5/5 levels left

rFire    . . .     SeeInvis .   i - +2 short sword (drain)
rCold    . . .     Gourm    .   (no shield)
rNeg     . . .     Faith    .   (armour unavailable)
rPois    .         Spirit   .   m - +2 hat
rElec    .         Reflect  .   z - +0 cloak
rCorr    .         Harm     +   j - +1 pair of gloves
MR       .....                  (no boots)
Stlth    +.........             n - amulet of harm
Regen    0.2/turn               (no ring)
MPRegen  0.1/turn               (no ring)

@: no status effects
A: unfitting armour, cold-blooded, AC +6
a: no special abilities


You were on level 3 of the Dungeon.
You were not hungry.

You visited 1 branch of the dungeon, and saw 4 of its levels.

You collected 233 gold pieces.

Inventory:

Hand Weapons
 a - a +0 long sword
 i - a +2 short sword of draining (weapon)
 D - a +0 dagger of freezing
Missiles
 c - 3 throwing nets (quivered)
Armour
 j - a +1 pair of gloves (worn)
 m - a +2 hat (worn)
 z - a +0 cloak (worn)
Jewellery
 n - an amulet of harm (around neck)
Wands
 p - a wand of confusion (0/48)
Scrolls
 g - a scroll of amnesia
 r - 2 scrolls of enchant armour
 s - a scroll of fear
 x - a scroll of fog
 y - 2 scrolls of teleportation
 C - a scroll of magic mapping {unknown}
Potions
 b - 2 potions of might {unknown}
 e - a potion of flight {unknown}
 f - a potion of curing
 h - 3 potions of heal wounds
 q - a potion of ambrosia
 t - a potion of brilliance
 w - a potion of invisibility
Comestibles
 d - 6 bread rations
 k - a royal jelly
 l - 3 chunks of flesh
 v - 4 fruits


   Skills:
 + Level 3.4 Fighting
 + Level 7.3 Long Blades
 - Level 1.7 Throwing
 - Level 2.6 Dodging


You had 5 spell levels left.
You didn't know any spells.

Dungeon Overview and Level Annotations

Branches:
Dungeon (4/15)             Temple (0/1) D:4

Altars:
Okawaru
Uskayaw


Innate Abilities, Weirdness & Mutations

Your plain brown scales are hard. (AC +6)
You cannot fit into any form of body armour.
You are cold-blooded and may be slowed by cold attacks.


Message History

There is an open door here.
An orc priest comes into view.
The orc priest shouts!
There is a stone staircase leading down here.
An orc and an orc priest come into view.
The orc priest shouts!
The orc shouts!
The orc priest calls down the wrath of Beogh upon you.
Beogh smites you!
The orc priest miscasts a cantrip.
The orc priest looks braver for a moment.
The orc priest invokes the aid of Beogh against you.
Pain shoots through your body!
* * * LOW HITPOINT WARNING * * *
The orc priest calls down the wrath of Beogh upon you.
Pain shoots through your body!
* * * LOW HITPOINT WARNING * * *
The orc priest mumbles some strange prayers to Beogh against you.
Beogh smites you!
You die...

#..# ########.## #.......#
##.####.........# #.......#
.....##.#.......# #.......#
##.(.##.#.#####.# #.......#
.....##.#.# #.# #.......#
.....##.#.# #.# #.......#
...#.##.#.# #.# #.......#
+#.#..#.#.#####.###.......#
................@.o.......#
.#.##.#.#.......##........####
.#.##...#....#####........'..#
.#.###..#....#####.o......##.#
.#.# #..##'###............##.#
##.####'#....#.####...o...##.#
#.#........(#.# #.......##.#
#.#.........#.# #.......##.#
##...........#.# #.......##.#


You could see 2 orc priests.

Vanquished Creatures
  An ice beast (D:4)
  An ogre (D:4)
  A hound (D:4)
  2 orc wizards
  An iguana (D:4)
  6 gnolls (D:2)
  5 adders
  2 worms
  A dart slug (D:2)
  2 leopard geckos
  4 orcs
  A giant cockroach (D:3)
  8 goblins
  6 hobgoblins
  3 jackals (D:2)
  A quokka (D:3)
  9 bats
  A frilled lizard (D:2)
  6 kobolds
  6 rats
67 creatures vanquished.

Notes
Turn   | Place    | Note
-------+----------+-------------------------------------------
     0 | D:1      | manyhoops the Draconian Gladiator began the quest for the Orb.
     0 | D:1      | Reached XP level 1. HP: 17/17 MP: 1/1
   329 | D:1      | Reached XP level 2. HP: 24/24 MP: 2/2
   834 | D:2      | Reached skill level 4 in Long Blades
   866 | D:2      | Reached XP level 3. HP: 29/29 MP: 3/3
  1041 | D:2      | Reached XP level 4. HP: 30/36 MP: 4/4
  1119 | D:2      | Reached skill level 5 in Long Blades
  1273 | D:3      | Found a hide-covered altar of Uskayaw.
  1338 | D:3      | Reached XP level 5. HP: 41/41 MP: 5/5
  1966 | D:4      | Reached skill level 6 in Long Blades
  2009 | D:4      | Noticed an ice beast
  2102 | D:4      | Killed an ice beast
  2102 | D:4      | Reached XP level 6. HP: 42/50 MP: 6/6
  2152 | D:4      | Found an iron altar of Okawaru.
  2154 | D:4      | Found a staircase to the Ecumenical Temple.
  2217 | D:4      | Reached skill level 7 in Long Blades
  2400 | D:3      | HP: 1/51 [orc priest/nerve-wracking pain (13)]
  2401 | D:3      | Killed from afar by an orc priest

Skill      XL: |  1  2  3  4  5  6 |
---------------+-------------------+-----
Long Blades    | 4 5 6 7 |  7.3
Fighting       | 3 |  3.4
Throwing       | |  1.7
Dodging        | |  2.6

Action                   |  1- 3 |  4- 6 || total
-------------------------+-------+-------++-------
Melee: Long sword        |     8 |       ||     8
       Short sword       |    68 |   102 ||   170
       Tailslap          |     4 |    12 ||    16
Evoke: Wand              |       |     3 ||     3
  Use: Scroll            |     1 |     8 ||     9
       Potion            |     1 |     4 ||     5
 Stab: Sleeping          |     2 |       ||     2
       Confused          |       |     1 ||     1
  Eat: Chunk             |       |     5 ||     5
Armor: Skin              |    25 |    33 ||    58
Dodge: Dodged            |    46 |    64 ||   110
